Unix NetHack Version 3.7.0-101 Work-in-progress - last build Mar 4 2024 02:26:32 (3c4ac04b664b9ee0831c739617f054b5b60dbfd1,branch:master). Game began 2024-03-16 22:54:25, ended 2024-03-16 23:09:08. finitelycraig, chaotic female elven Priestess ----- #-...| |.b.| |...| -------.-- -d-.- .........| ###@## -------.--- |........-## # +.........-####-........| ##### ------- # |.........| ##|........| # |.....| -------- # #.......^...####...<.....| ##-.....| |......| # # ###|.........|# #---------- |.....| |..^....## ---|------.-- # -----------# |.....| |......| # |............##################0 ......| |.>....| ###|...........|## |.....| |......| #............-# ------- -------- ------------- Finitelycraig the Aspirant St:14 Dx:12 Co:15 In:11 Wi:20 Ch:8 Chaotic Dlvl:3 $:9 HP:0(19) Pw:35(35) AC:6 Xp:2/35 T:1216 Latest messages: Lucey bites the bat. The bat is killed! The golden haze around you becomes less dense. You stop. Lucey is in the way! Lucey picks up a blessed scroll labeled VENZAR BORGAVVE. The golden haze around you disappears. Lucey drops a blessed scroll labeled VENZAR BORGAVVE. Lucey picks up a blessed scroll labeled VENZAR BORGAVVE. Lucey drops a blessed scroll labeled VENZAR BORGAVVE. u - a blessed scroll labeled VENZAR BORGAVVE. There is nothing here to pick up. Pick an object. B a bat or bird (bat) [seen: normal vision, infravision] You miss the bat. The air around you begins to shimmer with a golden haze. The golden haze around you becomes more dense. You kill the bat! You miss the lichen. You miss the lichen. The lichen touches you! You miss the lichen. You kill the lichen! q - an uncursed lichen corpse (2 in total). There is nothing here to pick up. The golden haze around you becomes less dense. The golden haze around you becomes less dense. That door is closed. The door opens. A board beneath you squeaks a D note loudly. The golden haze around you becomes less dense. The golden haze around you disappears. You hear someone cursing shoplifters. You hear someone cursing shoplifters. You miss the lichen. The lichen touches you! You kill the lichen! q - an uncursed lichen corpse (3 in total). There is nothing here to pick up. The door opens. You swap places with Lucey. You feel full of energy. You swap places with Lucey. You find a hidden door. The door resists! The door opens. You swap places with Lucey. You kill the gas spore! Boom! You are caught in the gas spore's explosion! It is fatal. Inventory: Coins ('$') $ - 9 gold pieces Weapons (')') t - 10 uncursed +0 arrows a - a blessed +1 mace (weapon in right hand) Armor ('[') m - an uncursed +0 orcish helm (being worn) c - an uncursed +0 small shield (being worn) b - a blessed +0 robe (being worn) Comestibles ('%') e - an uncursed clove of garlic f - an uncursed sprig of wolfsbane q - 3 uncursed lichen corpses Scrolls ('?') l - an uncursed scroll of amnesia s - an uncursed scroll of food detection r - an uncursed scroll of punishment u - a blessed scroll of remove curse Spellbooks ('+') h - an uncursed spellbook of detect monsters g - an uncursed spellbook of protection Potions ('!') d - 4 potions of holy water o - an uncursed potion of water Rings ('=') p - an uncursed ring of searching Wands ('/') k - an uncursed wand of lightning (0:5) Tools ('(') j - an uncursed bell i - an uncursed magic marker (0:20) Finitelycraig the Priestess's attributes: Background: You were an Aspirant, a level 2 elven Priestess. You were chaotic, nominally on a mission for Set who was opposed by Mitra (lawful) and Crom (neutral). You were right-handed. You were in the Dungeons of Doom, on level 3. You entered the dungeon 1216 turns ago. It was nighttime. You had 35 experience points, 5 more were needed to attain level 3. Basics: You had 0 out of 19 hit points. You had all 35 energy points (spell power). Your armor class was 6. Your wallet contained 9 zorkmids. Autopickup was on for '$?!"=/*', with exceptions. Final Characteristics: Your strength was 14 (limit:18). Your dexterity was 12 (limit:18). Your constitution was 15 (limit:16). Your intelligence was 11 (limit:20). Your wisdom was 20 (limit:20). Your charisma was 8 (limit:18). Final Status: You weren't hungry. You were unencumbered. You were wielding a mace. You had basic skill with mace. Final Attributes: You were devoutly aligned. You had infravision. You were guarded. You are dead. Miscellaneous: You disabled loading of bones levels. Total elapsed playing time was 13 minutes and 34 seconds. Major events: Turn 1: finitelycraig the chaotic elven Priestess entered the dungeon 223: entered the Gnomish Mines 1216: killed by a gas spore's explosion Vanquished creatures: a gas spore 2 kobolds a goblin 2 sewer rats 2 bats 3 lichens 4 newts 15 creatures vanquished. No species were genocided or became extinct. Voluntary challenges: You were an atheist. You read items or engraved 1 time. You never engraved Elbereth. You never genocided any monsters. You never polymorphed an object. You never changed form. You used no wishes. Achievement: You entered the Gnomish Mines. The Dungeons of Doom: levels 1 to 4 Level 1: An altar. Level 2: Some graves. Stairs down to The Gnomish Mines. Level 3: <- You were here. Final resting place for you, killed by a gas spore's explosion. Level 4: The Gnomish Mines: Level 3: Game over: ---------- / \ / REST \ / IN \ / PEACE \ / \ | finitelycraig | | 9 Au | | killed by a gas | | spore's | | explosion | | | | 2024 | *| * * * | * _________)/\\_//(\/(/\)/\//\/|_)_______ Goodbye finitelycraig the Priestess... You died in The Dungeons of Doom on dungeon level 3 with 309 points, and 9 pieces of gold, after 1216 moves. You were level 2 with a maximum of 19 hit points when you died.